 Dungeon Crawl Stone Soup version 0.27-a0-550-ge92ec0ca06 (webtiles) character file.

Game seed: 354472447348699307

260 BlueFish the Shield-Bearer (level 6, -3/48 HPs)
             Began as a Formicid Fighter on Mar 8, 2021.
             Killed by divine providence
             ... invoked by an orc priest
              (15 damage)
             ... on level 3 of the Dungeon.
             The game lasted 00:04:09 (2140 turns).

BlueFish the Shield-Bearer (Formicid Fighter)       Turns: 2140, Time: 00:04:09

Health: -3/48      AC:  7    Str: 27    XL:     6   Next: 41%
Magic:  6/6        EV:  9    Int:  7    God:
Gold:   100        SH: 10    Dex: 12    Spells: 5/5 levels left

rFire    . . .     SeeInvis +   a - +0 war axe
rCold    . . .     Faith    .   c - +0 kite shield
rNeg     . . .     Spirit   .   b - +0 scale mail
rPois    .         Reflect  .   (helmet unavailable)
rElec    .         Harm     .   (no cloak)
rCorr    .         Rampage  .   (no gloves)
Will     .....                  (no boots)
Stlth    +.........             (no amulet)
HPRegen  0.16/turn              k - +6 ring of strength
MPRegen  0.10/turn              (no ring)

@: no status effects
A: permanent stasis, dig shafts and tunnels, antennae 3, four strong arms
a: Dig, Shaft Self


You were on level 3 of the Dungeon.
You visited 1 branch of the dungeon, and saw 3 of its levels.

You collected 100 gold pieces.

Inventory:

Hand Weapons
 a - a +0 war axe (weapon)
Missiles
 i - 5 atropa-tipped darts
 m - 12 poisoned darts
Armour
 b - a +0 scale mail (worn)
 c - a +0 kite shield (worn)
Jewellery
 e - a ring of fire
 k - a +6 ring of strength (left hand)
Scrolls
 f - a scroll of immolation {unknown}
 g - a scroll of random uselessness {unknown}
 j - 2 scrolls of identify {unknown}
Potions
 d - a potion of might
 h - 2 potions of berserk rage {unknown}
 l - a potion of ambrosia {unknown}
 n - a potion of curing {unknown}


   Skills:
 * Level 4.1 Fighting
 + Level 3.5 Axes
 + Level 0.3 Throwing
 * Level 4.5 Armour
 + Level 0.8 Dodging
 * Level 2.2 Stealth
 * Level 4.7 Shields


You had 5 spell levels left.
You didn't know any spells.
Your spell library was empty.

Dungeon Overview and Level Annotations

Branches:
Dungeon (3/15)

Altars:


Innate Abilities, Weirdness & Mutations

You cannot be hasted, slowed, berserked, paralysed or teleported.
You can dig through walls and to a lower floor.
You have a pair of large antennae on your head. (SInv)
Your four strong arms can wield two-handed weapons with a shield.


Message History

You block the hound's attack.
The leopard gecko bites you but does no damage.
An orc comes into view. It is wielding a +0 whip.
The orc hits you but does no damage.
The hound pauses to sniff the ground.
You block the hound's attack.
You closely miss the leopard gecko.
The orc shouts!
You slash the orc!
You kill the orc!
You closely miss the hound. You block the leopard gecko's attack.
You block the hound's attack. x2; The leopard gecko barely misses you.
The orc hits you with a +0 falchion.
You hit the leopard gecko.
The leopard gecko is heavily wounded.
You closely miss the hound. You closely miss the orc.
The hound stops to sniff the ground.
You block the hound's attack.
The leopard gecko bites you but does no damage.
The hound bites you but does no damage. You block the leopard gecko's attack.
You barely miss the leopard gecko.
The leopard gecko is heavily wounded.
You closely miss the orc. You barely miss the hound.
You block the hound's attack. The leopard gecko closely misses you.
You block the hound's attack. The orc misses you.
You slash the leopard gecko!
You kill the leopard gecko!
You hit the orc. You closely miss the hound. The hound closely misses you.
You block the orc's attack. The hound bites you.
You block the orc priest's attack.
You hit the orc priest but do no damage.
You hit the hound but do no damage. You slash the orc!
You kill the orc!
You hear a shout!
The hound bites you.
* * * LOW HITPOINT WARNING * * *
You block the hound's attack.
The orc priest mumbles some strange prayers to Beogh against you.
Beogh smites you!
You die...

....+....'............
.##.#....#...........#
....#....#..###......#
#####....##.###......#
..# #.........#......#
#.# #####.....#......#
#.# ###.....#†oo...# {
. ..# #........hoo.#.#
... ###
#.........@#{#.#.....
#.......##.#....h....
###.##..##.###.......
#........# .......
######.### .o..... #.
....... ... l...... .#
....... .. .#####.


You could see a hound, an orc priest and 3 orcs.

Vanquished Creatures
  Sigmund (D:2)
  A hound (D:3)
  Terence (D:2)
  A worm (D:2)
  A leopard gecko (D:3)
  2 orcs (D:3)
  3 giant cockroaches
  4 goblins
  6 hobgoblins
  A jackal (D:1)
  A quokka (D:2)
  3 ball pythons
  6 bats
  2 frilled lizards (D:1)
  9 kobolds
  6 rats
48 creatures vanquished.

Notes
Turn   | Place    | Note
-------+----------+-------------------------------------------
     0 | D:1      | BlueFish the Formicid Fighter began the quest for the Orb.
     0 | D:1      | Reached XP level 1. HP: 18/18 MP: 1/1
   186 | D:1      | Reached XP level 2. HP: 10/24 MP: 2/2
   644 | D:1      | Reached XP level 3. HP: 29/29 MP: 3/3
  1205 | D:2      | Noticed Terence
  1211 | D:2      | Killed Terence
  1212 | D:2      | Reached XP level 4. HP: 31/36 MP: 4/4
  1922 | D:2      | Noticed Sigmund
  1931 | D:2      | Killed Sigmund
  1932 | D:2      | Reached XP level 5. HP: 36/42 MP: 5/5
  1932 | D:2      | Reached XP level 6. HP: 41/48 MP: 6/6
  2140 | D:3      | Killed from afar by an orc priest

Illustrated notes

Levels and vault maps discovered:
D:1:      erik_arrival_triangle_small, layout_loops_ring, minmay_tall_x
D:2:      layout_basic, uniq_sigmund, uniq_terence
D:3:      layout_basic

Skill      XL: |  1  2  3  4 |
---------------+-------------+-----
Shields        | 4 |  4.7
Armour         | 4 |  4.5
Fighting       | 4 |  4.1
Axes           | 3 |  3.5
Stealth        | 2 |  2.2
Throwing       | |  0.3
Dodging        | |  0.8

Action                   |  1- 3 |  4- 6 || total
-------------------------+-------+-------++-------
Melee: War axe           |   124 |    48 ||   172
Throw: Dart              |       |     5 ||     5
 Stab: Invisible         |       |     1 ||     1
Armor: Scale mail        |    61 |    21 ||    82
Dodge: Dodged            |    44 |    15 ||    59
Block: Kite shield       |    69 |    44 ||   113

Table legend: (Time is in decaauts)
 A = Elapsed time spent in this place.
 B = Non-inter-level travel time spent in this place.
 C = Inter-level travel time spent in this place.
 D = Time resting spent in this place.
 E = Time spent auto-exploring this place.
 F = Levels seen in this place.
 G = Mean time per level.
                   A        B        C        D        E       F      G
               +--------+--------+--------+--------+--------+-----+--------+
         Total |   2233 |   2222 |     11 |      0 |   1806 |   3 |  744.3 |
       Dungeon |   2233 |   2222 |     11 |      0 |   1806 |   3 |  744.3 |
               +--------+--------+--------+--------+--------+-----+--------+

Top non-repeatable levels by time:
     D:1: 1145 daAuts
     D:2: 971 daAuts
     D:3: 116 daAuts
